 Dungeon Crawl Stone Soup version 0.28.0-53-g5a82cb258f (webtiles) character file.

Game seed: 8844476921301013511

194 Infinimo the Skirmisher (level 5, 0/82 HPs)
             Began as an Ogre Gladiator on May 29, 2022.
             Slain by a human zombie (6 damage)
             ... in an ossuary.
             The game lasted 00:06:02 (3674 turns).

Infinimo the Skirmisher (Ogre Gladiator)            Turns: 3674, Time: 00:06:03

Health: 0/82       AC: 22    Str: 20    XL:     5   Next: 73%
Magic:  5/5        EV:  1    Int:  9    God:
Gold:   146        SH:  0    Dex: 10    Spells: 4/4 levels left

rFire   . . .      SeeInvis .   a - +0 flail
rCold   . . .      Faith    .   (no shield)
rNeg    . . .      Spirit   .   (armour currently unavailable)
rPois   +          Reflect  .   (helmet currently unavailable)
rElec   .          Harm     .   (cloak currently unavailable)
rCorr   .          Rampage  .   (gloves unavailable)
Will    .....      NoTele   +   (boots unavailable)
Stlth   +.........              (no amulet)
HPRegen 0.23/turn               (no ring)
MPRegen 0.09/turn               (no ring)

@: tree-form, marked
A: stationary, stasis, torment immunity, boosted hp, large, unfitting armour,
(tough skin 1)
a: no special abilities


You were in an ossuary.
You were a tree.
You visited 1 branch of the dungeon, and saw 4 of its levels.
You also visited: Ossuary.

You collected 146 gold pieces.

Inventory:

Hand Weapons
 a - a +0 flail (weapon)
Missiles
 d - 3 throwing nets
 f - 3 boomerangs
 h - 3 silver boomerangs (quivered)
Armour
 c - a +0 hat (melded)
 o - a +2 robe of willpower (melded)
Jewellery
 j - a ring of willpower
 k - a ring of poison resistance
Wands
 i - a wand of charming (9)
Scrolls
 e - a scroll of identify
 g - a scroll of immolation
Potions
 l - a potion of mutation
 n - a potion of brilliance


   Skills:
 + Level 4.8 Fighting
 * Level 4.8 Maces & Flails
 - Level 2.0 Throwing
 - Level 2.7 Dodging


You had 4 spell levels left.
You didn't know any spells.
Your spell library was empty.

Dungeon Overview and Level Annotations

Branches:
Dungeon (4/15)            Ossuary (1/1)
 Temple: D:4-7

Altars:


Innate Abilities, Weirdness & Mutations

You are a tree.
Your roots penetrate the ground, keeping you stationary.
You cannot be teleported.
You are immune to unholy pain and torment.
Your maximum health is greatly increased.
Your equipment is partially melded.
You are too large for most types of armour.
((You have tough skin. (AC +1)))


Message History

* * * LOW HITPOINT WARNING * * *
The centaur zombie hits you but does no damage.
The centaur zombie kicks you but does no damage.
You hit the centaur zombie but do no damage.
The centaur zombie is almost destroyed.
The centaur zombie hits you but does no damage.
The centaur zombie kicks you but does no damage.
The human zombie hits you but does no damage.
The elf zombie hits you.
* * * LOW HITPOINT WARNING * * *
You barely miss the centaur zombie.
The centaur zombie is almost destroyed.
The centaur zombie hits you but does no damage.
The centaur zombie kicks you but does no damage.
The elf zombie hits you but does no damage.
The human zombie hits you but does no damage.
The elf zombie hits you.
* * * LOW HITPOINT WARNING * * *
You sock the centaur zombie!
You destroy the centaur zombie!
The elf zombie hits you but does no damage.
A kobold zombie comes into view.
The elf zombie hits you but does no damage.
The human zombie hits you but does no damage.
Unknown command.
You sock the orc zombie!
The orc zombie is severely damaged.
The elf zombie hits you but does no damage.
The orc zombie hits you but does no damage.
You sock the orc zombie!
You destroy the orc zombie!
The human zombie hits you but does no damage.
The elf zombie hits you.
* * * LOW HITPOINT WARNING * * *
The elf zombie hits you but does no damage.
Unknown command.
You closely miss the human zombie.
The human zombie is lightly damaged.
The human zombie hits you.
You die...

####################
#......Z..∩∩........
#.....Z..ZZ.........
#...##############Z.
#..Z# #...# #..
#..Z# #...# #Z.
#.Z♣# M...+####.Z
#.Z.# #.∩.....#Z.
#...# #.......#..
#...# #.......#ZZ
#...#.####.......#..
#...#ZZ..........#..
#...#.####Z.####.#..
#...# #..# #.. #...#
#^.# #..


You could see a kobold zombie, 2 elf zombies and a human zombie.

Vanquished Creatures
  A centaur zombie (Ossuary)
  A jelly (D:3)
  Jessica (D:3)
  3 adders
  An adder zombie (Ossuary)
  A worm (D:2)
  3 dart slugs
  6 endoplasms
  3 giant cockroaches (D:1)
  3 goblins (D:1)
  3 hobgoblins
  6 kobolds
  4 quokkas
  9 ball pythons
  5 bats
  2 frilled lizards
  4 hobgoblin zombies (Ossuary)
  2 jackal zombies (Ossuary)
  9 kobold zombies (Ossuary)
  8 orc zombies (Ossuary)
  2 rats (D:3)
77 creatures vanquished.

Notes
Turn   | Place    | Note
-------+----------+-------------------------------------------
     0 | D:1      | Infinimo the Ogre Gladiator began the quest for the Orb.
     0 | D:1      | Reached XP level 1. HP: 22/22 MP: 1/1
   357 | D:1      | Reached XP level 2. HP: 21/31 MP: 2/2
  1371 | D:2      | Reached XP level 3. HP: 25/37 MP: 3/3
  2191 | D:3      | Found a faded altar of an unknown god.
  2223 | D:3      | Reached XP level 4. HP: 46/48 MP: 4/4
  2495 | D:3      | Noticed Jessica
  2502 | D:3      | Killed Jessica
  2706 | D:3      | Reached XP level 5. HP: 25/55 MP: 5/5
  3079 | D:3      | You fall into a shaft and drop 1 floor!
  3403 | D:4      | Found a sand-covered staircase.
  3485 | Ossuary  | Entered an ossuary
  3674 | Ossuary  | Slain by a human zombie

Illustrated notes

Levels and vault maps discovered:
D:1:      heliophobic_arrival_glass_houses, layout_basic
D:2:      layout_rooms, kennysheep_generic_room_10
D:3:      layout_loops_ring, dreamdust_ecumenical_altar_grove,
          minmay_diced_spiral, uniq_jessica
D:4:      layout_layer_cave, chequers_ossuary_entry_cave, chequers_avenue
Ossuary:  ossuary_tomb_1

Skill      XL: |  1  2  3  4 |
---------------+-------------+-----
Maces & Flails | 3 4 |  4.8
Fighting       | 3 4 |  4.8
Throwing       | |  2.0
Dodging        | |  2.7

Action                   |  1- 3 |  4- 6 || total
-------------------------+-------+-------++-------
Melee: Flail             |   127 |    79 ||   206
       Punch             |     1 |     1 ||     2
Throw: Boomerang         |     3 |    47 ||    50
  Use: Scroll            |     1 |     3 ||     4
       Potion            |       |     1 ||     1
Armor: Robe              |    47 |    25 ||    72
       Skin              |       |    57 ||    57
Dodge: Dodged            |    98 |    52 ||   150
